 Dungeon Crawl Stone Soup version 0.28-b1-1-g3c77fb2ed1 (webtiles) character file.

Game seed: 1100584910188989626

1292 McKennaii the Destroyer (level 8, -21/57 HPs)
             Began as a Demigod Conjurer on Jan 28, 2022.
             Shot with a bolt by an orc warrior (22 damage)
             ... in a bailey.
             The game lasted 00:13:18 (6745 turns).

McKennaii the Destroyer (Demigod Conjurer)          Turns: 6745, Time: 00:13:19

Health: -21/57     AC:  3    Str:  8    XL:     8   Next: 9%
Magic:  18/18      EV: 12    Int: 28    God:
Gold:   214        SH:  0    Dex: 12    Spells: 4/16 levels left

rFire   . . .      SeeInvis .   u - +2 short sword (venom)
rCold   + . .      Faith    .   (no shield)
rNeg    + . .      Spirit   .   a - +0 robe
rPois   .          Reflect  .   (no helmet)
rElec   .          Harm     .   (no cloak)
rCorr   .          Rampage  .   (no gloves)
Will    .....                   h - +0 pair of boots
Stlth   ++........              (no amulet)
HPRegen 0.19/turn               l - ring of protection from cold
MPRegen 0.16/turn               k - ring of positive energy

@: no status effects
A: high mp 1, forlorn, divine attributes
a: no special abilities


You were in a bailey.
You visited 1 branch of the dungeon, and saw 7 of its levels.
You also visited: Bailey.

You collected 214 gold pieces.

Inventory:

Hand Weapons
 u - a +2 short sword of venom (weapon)
Armour
 a - a +0 robe (worn)
 h - a +0 pair of boots (worn)
 q - a +4 ring mail of poison resistance
 r - a +0 buckler
Jewellery
 j - a ring of fire
 k - a ring of positive energy (right hand)
 l - a ring of protection from cold (left hand)
 y - a +6 ring of strength
Wands
 o - a wand of digging (5)
 p - a wand of polymorph (5)
 w - a wand of paralysis (6)
 z - a wand of charming (3)
 C - a wand of iceblast (1)
Scrolls
 b - a scroll of blinking
 c - 3 scrolls of teleportation
 d - a scroll of amnesia
 i - a scroll of noise {unknown}
 s - a scroll of torment {unknown}
 v - a scroll of enchant weapon {unknown}
 B - 2 scrolls of fog
Potions
 e - a potion of berserk rage
 f - 3 potions of mutation
 m - a potion of might
 n - a potion of resistance
 t - a potion of flight


   Skills:
 - Level 1.7 Dodging
 - Level 1.7 Stealth
 + Level 4.7 Spellcasting
 * Level 8.0 Conjurations
 + Level 3.1 Air Magic


You had 4 spell levels left.
You knew the following spells:

 Your Spells              Type           Power      Damage    Failure   Level
a - Magic Dart            Conj           100%       1d8       1%          1
b - Searing Ray           Conj           100%       2d8       1%          2
c - Iskenderun's Mystic   Conj/Tloc      29%        2d7       13%         4
d - Lightning Bolt        Conj/Air       18%        1d33      19%         5

Your spell library contained the following spells:

 Spells                   Type           Power      Damage    Failure   Level
 Static Discharge         Conj/Air       37%        N/A       1%          2
 Dazzling Flash           Conj/Hex       58%        N/A       4%          3
 Stone Arrow              Conj/Erth      58%        3d10      4%          3
 Sandblast                Erth           12%        2d6       7%          1
 Passwall                 Tmut/Erth      5%         N/A       11%         2
 Fulminant Prism          Conj/Hex       14%        3d9       13%         4
 Maxwell's Capacitive Co  Air            12%        ∞         100%        8


Dungeon Overview and Level Annotations

Branches:
Dungeon (8/15)             Bailey (1/1)
 Temple: D:4-7         Lair: D:8-11


Innate Abilities, Weirdness & Mutations

You have an increased reservoir of magic. (+10% MP)
You shall have no god before yourself.
Your divine heritage dramatically boosts your attributes as you level up.


Message History

You hear a shout!
Casting: Magic Dart (safe; 1% risk of failure)
Confirm with . or Enter, or press ? or * to list all spells.
Aiming: Magic Dart (safe; 1% risk of failure)
Press: ? - help, Shift-Dir - straight line, f/p - orc warrior
Aim: an orc warrior, wielding a +0 arbalest, wearing a +0 scale mail and quivering bolts (ally target, 100% to hit)
Okay, then.
Casting: Magic Dart (safe; 1% risk of failure)
Confirm with . or Enter, or press ? or * to list all spells.
Aiming: Magic Dart (safe; 1% risk of failure)
Press: ? - help, Shift-Dir - straight line, f - orc, p - orc warrior
Aim: an orc, wielding a +0 arbalest, wearing a +0 ring mail and quivering bolts (100% to hit)
The magic dart hits the orc.
The orc is lightly wounded.
Your orc wizard dissolves into shadows!
The orc shoots a bolt.
The bolt hits you.
* * * LOW HITPOINT WARNING * * *
The orc warrior shoots a bolt.
The bolt barely misses you.
You feel better.
The orc shoots a bolt.
The bolt closely misses you.
The orc warrior shoots a bolt.
The bolt hits your orc!
Your orc dies!
Your orc's corpse dissolves into shadows!
Casting: Magic Dart (safe; 1% risk of failure)
Confirm with . or Enter, or press ? or * to list all spells.
Aiming: Magic Dart (safe; 1% risk of failure)
Press: ? - help, Shift-Dir - straight line, f/p - orc
Aim: an orc, wielding a +0 arbalest, wearing a +0 ring mail and quivering bolts (lightly wounded, 100% to hit)
Okay, then.
Casting: Magic Dart (safe; 1% risk of failure)
Confirm with . or Enter, or press ? or * to list all spells.
You can't see any susceptible monsters within range! (Use Z to cast anyway.)
Aiming: Paralyse
Press: ? - help, Shift-Dir - straight line, f/p - orc
Aim: an orc, wielding a +0 arbalest, wearing a +0 ring mail and quivering bolts (lightly wounded, ally target, chance to affect: 66%)
The orc suddenly stops moving!
The orc warrior is no longer charmed.
Your orc dissolves into shadows! x2
The orc warrior shoots a bolt.
The bolt hits you.
* * * LOW HITPOINT WARNING * * *
The orc warrior shoots a bolt.
The bolt hits you!!
You die...

#...........
#...........
#........o..
#.....≈≈≈≈≈≈
#.....≈≈###≈
#....)≈##.##
#.....≈#....
#...o.≈##o∩#≈≈
#.@...≈≈#.##≈≈≈
#.....≈≈≈)≈≈≈≈≈≈
#.....≈o≈≈≈≈≈≈≈#
#.....≈≈≈≈≈≈≈≈#
#.....≈≈≈≈≈≈≈≈#
#.....≈≈≈≈≈≈≈#
#.....≈≈≈≈≈≈≈#
#.....≈≈≈≈≈≈≈#
#.....≈≈≈≈≈≈≈#


You could see 2 orc warriors and an orc (paralysed).

Vanquished Creatures
  A wyvern (D:4)
  A steam dragon (D:8)
  An ice beast (D:5)
  An orc warrior (Bailey)
  A black bear (D:8)
  A bullfrog (D:8)
  2 scorpions
  A water moccasin skeleton (D:3)
  3 killer bees (D:8)
  2 hounds (D:5)
  A bullfrog skeleton (D:5)
  A gnoll shaman (D:5)
  Ijyb (D:3)
  2 iguanas
  2 hound skeletons
  3 gnolls (D:5)
  2 adders
  2 shadow imps
  A worm (D:3)
  3 dart slugs
  6 orcs
  4 endoplasms
  4 giant cockroaches
  12 goblins
  8 hobgoblins
  9 jackals
  6 quokkas
  9 ball pythons
  4 bats
  4 frilled lizards
  6 kobolds
  8 rats
112 creatures vanquished.

Vanquished Creatures (collateral kills)
  2 orcs (Bailey)
2 creatures vanquished.

Grand Total: 114 creatures vanquished

Notes
Turn   | Place    | Note
-------+----------+-------------------------------------------
     0 | D:1      | McKennaii the Demigod Conjurer began the quest for the Orb.
     0 | D:1      | Reached XP level 1. HP: 14/14 MP: 5/5
   292 | D:1      | Reached skill level 4 in Conjurations
   292 | D:1      | Reached XP level 2. HP: 20/20 MP: 5/7
  1638 | D:2      | Reached XP level 3. HP: 26/26 MP: 6/9
  2694 | D:2      | Learned a level 2 spell: Searing Ray
  2913 | D:3      | Reached XP level 4. HP: 33/33 MP: 4/10
  3246 | D:3      | Reached skill level 5 in Conjurations
  3832 | D:3      | Reached XP level 5. HP: 30/38 MP: 2/12
  3974 | D:3      | Noticed Ijyb
  4012 | D:3      | Killed Ijyb
  4706 | D:4      | Noticed a wyvern
  4713 | D:4      | Killed a wyvern
  4714 | D:4      | Reached skill level 6 in Conjurations
  4714 | D:4      | Reached XP level 6. HP: 39/45 MP: 3/14
  4840 | D:4      | Learned a level 4 spell: Iskenderun's Mystic Blast
  4846 | D:4      | Learned a level 5 spell: Lightning Bolt
  5162 | D:5      | Entered Level 5 of the Dungeon
  5279 | D:5      | Reached skill level 1 in Air Magic
  5419 | D:5      | Reached XP level 7. HP: 50/50 MP: 11/16
  5659 | D:5      | Found the dreamshard necklace {*Dream Drain}
  5696 | D:5      | Reached skill level 7 in Conjurations
  6008 | D:5      | You fall into a shaft and drop 3 floors!
  6063 | D:8      | Noticed a steam dragon
  6081 | D:8      | Killed a steam dragon
  6576 | D:7      | Found a flagged portal.
  6588 | D:7      | Reached XP level 8. HP: 48/57 MP: 10/18
  6652 | Bailey   | Entered a bailey
  6670 | Bailey   | Reached skill level 8 in Conjurations
  6741 | Bailey   | HP: 2/57 [orc warrior/bolt (3)]
  6745 | Bailey   | Shot with a bolt by an orc warrior

Illustrated notes

Levels and vault maps discovered:
D:1:      grunt_arrival_crossed_arrows, layout_basic,
          ebering_ecumenical_altar_ruins, minmay_crystal_room
D:2:      layout_basic, basic_altar
D:3:      minmay_spotlight, layout_loops_ring, uniq_ijyb
D:4:      layout_loops_cross, chequers_serial_rivers_micro_e
D:5:      layout_loops_ring, hangedman_glass_teeth
D:7:      layout_basic, temple_statues, serial_shops, nicolae_diamond_shop,
          enter_bailey_4, serial_corexii_hall, corexii_hall_statues_l,
          corexii_hall_statues_l
D:8:      layout_rooms, nicolae_overflow_hallway_of_the_gods,
          hangedman_abyss_or_decor_clamps, uniq_grum
Bailey:   bailey_polearm_2, bailey

Skill      XL: |  1  2  3  4  5  6  7  8 |
---------------+-------------------------+-----
Spellcasting   | 2 3 4 |  4.7
Conjurations   | 4 5 6 7 8 |  8.0
Air Magic      | 1 2 3 |  3.1
Dodging        | |  1.7
Stealth        | |  1.7

Action                   |  1- 3 |  4- 6 |  7- 9 || total
-------------------------+-------+-------+-------++-------
Melee: Unarmed           |    13 |     6 |       ||    19
       Whip              |       |     2 |       ||     2
       Short sword       |       |       |     8 ||     8
 Cast: Magic Dart        |   108 |    66 |    31 ||   205
       Searing Ray       |     1 |    15 |    11 ||    27
Evoke: Wand              |       |       |     9 ||     9
  Use: Scroll            |       |     3 |    11 ||    14
       Potion            |       |       |     2 ||     2
Armor: Robe              |     4 |     6 |     3 ||    13
       Skin              |       |     3 |       ||     3
Dodge: Dodged            |    21 |    25 |    33 ||    79
